AoeStats
← Dacrawl

Arabia

505814218Analyzed
2v2 RM · 20d ago on Sep 11, 2026· 55m 7s· 4 players
Game mode
Random Map
Map size
Medium (4 player)
Population
200
Speed
Normal
Resources
Standard
Victory
Conquest
Starting age
Dark Age
Ending age
Imperial Age
RankedLock teamsTeams togetherTeam positionsShared explorationLock speedFull tech treeHidden civsTurbo modeCheats
Victory
Defeat
🇺🇸 Muisca · United States
1134
+14
🇺🇸 Goths · United States
1127
+15
🇲🇽 Bulgarians · Mexico
1131
-16
🇲🇽 Chinese · Mexico
1066
-13
elliottcorpus
0:31 Loom
9:27 Feudal Age
11:03 Double-Bit Axe
14:46 Fletching
22:05 Padded Archer Armor
27:21 Castle Age
26:25 Horse Collar
26:40 Gold Mining
29:00 Crossbowman
31:47 Bodkin Arrow
32:09 Leather Archer Armor
36:35 Town Watch
37:26 Wheelbarrow
39:31 Forging
45:27 Heavy Plow
52:23 Imperial Age
52:47 Iron Casting
52:18 Scale Barding Armor
52:36 Bow Saw
51:59 Light Cavalry
Dacrawl
2:29 Loom
10:10 Feudal Age
10:56 Double-Bit Axe
14:24 Fletching
27:52 Castle Age
26:03 Gold Mining
26:04 Stone Mining
26:29 Bloodlines
26:11 Horse Collar
26:58 Forging
26:57 Scale Barding Armor
27:31 Scale Mail Armor
28:40 Wheelbarrow
29:59 Bodkin Arrow
33:29 Husbandry
36:23 Chain Barding Armor
37:27 Iron Casting
41:02 Chain Mail Armor
44:35 Imperial Age
Fathandzzz
9:17 Feudal Age
8:07 Loom
9:53 Double-Bit Axe
14:30 Fletching
16:19 Horse Collar
21:13 Padded Archer Armor
26:28 Castle Age
26:33 Crossbowman
27:11 Bodkin Arrow
27:32 Thumb Ring
28:09 Leather Archer Armor
36:16 Bow Saw
36:08 Heavy Plow
41:11 Imperial Age
40:29 Wheelbarrow
39:48 Gold Mining
39:49 Stone Mining
41:12 Arbalester
43:28 Conscription
43:12 Herbalism
45:35 Hand Cart
44:44 Champi Runner
45:26 Squires
45:30 Scale Mail Armor
45:40 Forging
46:12 Champi Warrior
51:27 Crop Rotation
51:58 Two-Man Saw
50:29 Elite Champi Warrior
51:12 Bracer
51:49 Iron Casting
51:29 Chain Mail Armor
52:02 Ballistics
Killacammmmm461
8:06 Loom
11:53 Feudal Age
11:56 Man-at-Arms
14:08 Horse Collar
18:38 Double-Bit Axe
23:23 Stone Mining
25:49 Castle Age
25:44 Gold Mining
26:45 Scale Mail Armor
28:48 Squires
30:25 Forging
34:19 Anarchy
35:35 Chain Mail Armor
38:42 Iron Casting
53:10 Imperial Age
51:18 Ballistics
55:41 Blast Furnace
Connection lost

Rejoining the realm…

Still unreachable

The connection could not be restored.

Session expired

The server has moved on; the page needs a fresh start.